 Dungeon Crawl Stone Soup version 0.16.1-12-gf5c4a84 (webtiles) character file.

2762132 KarvaRausku the Conqueror (level 27, 269/269 (273) HPs)
             Began as a Hill Orc Fighter on Apr 10, 2015.
             Was the Champion of Beogh.
             Escaped with the Orb
             ... and 5 runes on Apr 11, 2015!
             The game lasted 09:12:13 (85958 turns).

KarvaRausku the Conqueror (Hill Orc Fighter)       Turns: 85958, Time: 09:12:13

HP:   269/269 (273) AC: 50    Str: 44    XL:     27
MP:   34/34         EV: 17    Int:  9    God:    Beogh [******]
Gold: 7404          SH: 20    Dex:  7    Spells: 1 memorised, 28 levels left

rFire  + + +     SeeInvis +     a - +9 broad axe (elec)
rCold  + + +     Clarity  .     U - +10 plate armour "Kolatut" {rC+}
rNeg   + + .     SustAb   +     P - +1 shield of the King of the Hill {rElec rC+ MR+ Str+2}
rPois  .         Gourm    .     O - +2 helmet {SInv}
rElec  +         Spirit   .     D - +0 cloak of Starlight {rElec rC+ EV+4 Stlth-}
rCorr  .         Warding  +     c - +2 pair of gloves of the Blessed Realm {rF++ Int+6 Dex-3}
rMut   .         Stasis   .     C - +2 pair of boots {Stlth+}
MR     ++++.                    R - amulet of the Queen {Ward rF- rN+ MR+ Str+5 Int+3 SInv}
Stlth  ..........               s - ring "Noshre" {SustAb rElec rF++ Str+3 Dex-4}
                                L - ring of Irraxkat {rN+ Str+4 Int-4 Slay+3}

@: very slightly contaminated, incredibly resistant to hostile enchantments,
extremely unstealthy
A: walk on water, clumsy 1, deterioration 1, dopey 1, screaming 1, strong 1,
wild magic 1, forlorn
a: Smiting, Recall Orcish Followers, Give Item to Named Follower, Renounce
Religion
0: Orb of Zot
}: 5/15 runes: serpentine, barnacled, slimy, silver, abyssal


You escaped.
You worshipped Beogh.
Beogh was exalted by your worship.
You were hungry.

You visited 12 branches of the dungeon, and saw 65 of its levels.
You visited the Abyss 1 time.
You visited 1 bazaar.
You also visited: Labyrinth, Ossuary and Ice Cave.

You collected 11859 gold pieces.
You spent 3683 gold pieces at shops.

Inventory:

Hand weapons
 a - a +9 broad axe of electrocution (weapon)
 b - the +8 flail "Psosmad" {holy, +Fly rC- Int+6 SInv}
   (You bought it in a shop in a bazaar)

   It has been blessed by the Shining One to cause great damage to the undead
   and demons.
   It affects your intelligence (+6).
   It makes you vulnerable to cold.
   It enhances your eyesight.
   It lets you fly.
 k - the +1 broad axe "Psobam" {chop, rElec rPois MP-9 Str+5 SInv}
   (You found it on level 2 of the Realm of Zot)

   It inflicts extra damage upon your enemies.
   It affects your strength (+5).
   It insulates you from electricity.
   It protects you from poison.
   It affects your magic capacity (-9).
   It enhances your eyesight.
 Q - the +6 hand axe of the Grave {pain, +Rage rC+ Dex+4}
   (You found it on level 5 of the Depths)

   In the hands of one skilled in necromantic magic, it inflicts extra damage on
   living creatures.
   It affects your dexterity (+4).
   It protects you from cold.
   It lets you go berserk.
 V - the +5 mace "Pywaguihe" {holy, rPois rN++ MR+ MP-9 Dex-2}
   (You found it on level 3 of the Elven Halls)

   It has been blessed by the Shining One to cause great damage to the undead
   and demons.
   It affects your dexterity (-2).
   It protects you from poison.
   It greatly protects you from negative energy.
   It affects your resistance to hostile enchantments.
   It affects your magic capacity (-9).
 W - the +5 war axe "Thehell" {flame, Str+3}
   (You bought it in a shop in a bazaar)

   It has been specially enchanted to burn those struck by it, causing extra
   injury to most foes and up to half again as much damage against particularly
   susceptible opponents.
   Big, fiery blades are also staple armaments of hydra-hunters.
   It affects your strength (+3).
 Y - the +6 shillelagh "Devastator" {shatter}
   (You found it on level 3 of the Elven Halls)
Armour
 c - the +2 pair of gloves of the Blessed Realm (worn) {rF++ Int+6 Dex-3}
   (You acquired it on level 5 of the Realm of Zot)

   It affects your intelligence (+6).
   It affects your dexterity (-3).
   It greatly protects you from fire.
 p - a +2 pair of gloves of dexterity
 C - a +2 pair of boots of stealth (worn)
 D - the +0 cloak of Starlight (worn) {rElec rC+ EV+4 Stlth-}
   (You found it on level 6 of the Pits of Slime)

   It affects your evasion (+4).
   It protects you from cold.
   It insulates you from electricity.
   It makes you less stealthy.
 O - a +2 helmet of see invisible (worn)
 P - the +1 shield of the King of the Hill (worn) {rElec rC+ MR+ Str+2}
   (You acquired it on level 3 of the Lair of Beasts)

   It affects your strength (+2).
   It protects you from cold.
   It insulates you from electricity.
   It affects your resistance to hostile enchantments.
 U - the +10 plate armour "Kolatut" (worn) {rC+}
   (You bought it in a shop on level 3 of the Snake Pit)

   It protects you from cold.
Jewellery
 s - the ring "Noshre" (right hand) {SustAb rElec rF++ Str+3 Dex-4}
   (You found it on level 6 of the Pits of Slime)

   [ring of sustain abilities]

   It sustains your strength, intelligence and dexterity.
   It affects your strength (+3).
   It affects your dexterity (-4).
   It greatly protects you from fire.
   It insulates you from electricity.
 E - the amulet "Zyno" {rMut Int+2 Slay+2}
   (You bought it in a shop in a bazaar)

   [amulet of resist mutation]

   It protects you from mutation.
   It affects your intelligence (+2).
   It affects your accuracy and damage with ranged weapons and melee attacks
   (+2).
 H - an uncursed amulet of warding
 K - an uncursed amulet of the gourmand
 L - the ring of Irraxkat (left hand) {rN+ Str+4 Int-4 Slay+3}
   (You bought it in a shop in a bazaar)

   [ring of positive energy]

   It affects your strength (+4).
   It affects your intelligence (-4).
   It affects your accuracy and damage with ranged weapons and melee attacks
   (+3).
   It protects you from negative energy.
 N - the ring "Hubaa" {rElec Stlth+}
   (You found it on level 4 of the Depths)

   [ring of stealth]

   It insulates you from electricity.
   It makes you more stealthy.
 R - the amulet of the Queen (around neck) {Ward rF- rN+ MR+ Str+5 Int+3 SInv}
   (You found it on level 3 of the Elven Halls)

   [amulet of warding]

   It may prevent the melee attacks of summoned creatures.
   It affects your strength (+5).
   It affects your intelligence (+3).
   It makes you vulnerable to fire.
   It protects you from negative energy.
   It affects your resistance to hostile enchantments.
   It enhances your eyesight.
 Z - the ring "Pnylad" {+/*Tele +Blink rF+ MP+9}
   (You found it on level 3 of the Crypt)

   [ring of teleportation]

   It causes random teleportation, and can be evoked to teleport at will.
   It protects you from fire.
   It affects your magic capacity (+9).
   It lets you blink.
Magical devices
 d - a wand of enslavement (8)
 q - a wand of teleportation (1)
 v - a wand of hasting (4)
 T - a wand of digging (5)
Scrolls
 g - 10 scrolls of identify
 h - 18 scrolls of remove curse
 i - 4 scrolls of brand weapon
 m - 5 scrolls of blinking
 r - 4 scrolls of enchant armour
 t - 4 scrolls of fear
 u - 25 scrolls of teleportation
 w - 3 scrolls of recharging
 y - 16 scrolls of fog
 G - 3 scrolls of magic mapping
 J - 2 scrolls of enchant weapon
Potions
 e - 9 potions of might
 l - 2 potions of haste
 n - 2 potions of heal wounds
 o - 3 potions of curing
 x - 7 potions of restore abilities
 z - 6 potions of agility
 A - 6 potions of cancellation
 B - 8 potions of brilliance
 F - 2 potions of cure mutation
 M - 6 potions of flight
 S - 4 potions of resistance
 X - 2 potions of invisibility
Miscellaneous
 j - a legendary deck of wonders {Placid Magic, drawn: 1}
Comestibles
 f - 31 bread rations
 I - 4 beef jerkies


   Skills:
 O Level 27 Fighting
   Level 7.0 Long Blades
 + Level 22.5(25.0) Axes
 - Level 17.5(20.8) Maces & Flails
 O Level 27 Armour
 + Level 11.7 Dodging
 - Level 20.4 Shields
 - Level 1.9 Spellcasting
 - Level 3.1 Ice Magic
 + Level 8.3 Evocations


You had 28 spell levels left.
You knew the following spells:

 Your Spells              Type           Power        Failure   Level  Hunger
a - Freeze                Ice            #...         34%         1    ##.....


Dungeon Overview and Level Annotations

Branches:
Dungeon (15/15)            Temple (1/1) D:6            Lair (8/8) D:10
 Shoals (5/5) Lair:3        Snake (5/5) Lair:5        Slime (6/6) Lair:8
    Orc (4/4) D:12            Elf (3/3) Orc:4        Vaults (5/5) D:13
  Crypt (3/3) Vaults:2       Tomb (0/3) Crypt:3      Depths (5/5) D:15
    Zot (5/5) Depths:5

Altars:
Ashenzari
Cheibriados
Dithmenos
Elyvilon
Fedhas
Gozag
Kikubaaqudgha
Makhleb
Nemelex Xobeh
Okawaru
Qazlal
Ru
Sif Muna
Trog
Vehumet
Xom
Yredelemnul
Zin
The Shining One
Jiyva

Shops:
D:8 }   D:10 *   D:14 ?   Orc:4 =}::   Elf:2 %   Elf:3 ?(*   Shoals:2 [
Snake:3 [   Vaults:2 }   Vaults:5 ?!%%?%!?   Depths:1 }

Portals:
Hell: Depths:1 Depths:2 Depths:3 Depths:4 Depths:5
Abyss: Depths:1 Depths:4
Pandemonium: Depths:3
Ziggurat: Depths:5

Annotations:
Depths:3 3 exclusions


Innate Abilities, Weirdness & Mutations

You can walk on water.
You are clumsy. (Dex -2)
Your body is slowly deteriorating.
You are dopey. (Int -2)
You occasionally shout uncontrollably at your foes.
Your muscles are strong. (Str +2)
Your spells are a little harder to cast, but a little more powerful.
You have difficulty communicating with the divine.


Message History

As you read the scroll of recharging, it crumbles to dust.
Your wand of hasting (0) glows for a moment and now has 5 charges.
Evoke which item? (* to show all) (? for menu, Esc to quit)
Zapping:
v - a wand of hasting (5)
Press: ? - help, Shift-Dir - straight line, f - you You feel yourself speed up.
This wand has 4 charges left.
You are feeling hungry.
A ynoxinul comes into view.
You slice the ynoxinul!!
The ynoxinul is severely wounded.
You cut the ynoxinul into ribbons!!!!
You kill the ynoxinul!
Beogh accepts your kill.
A goblin comes into view. It is wielding a club.
The goblin shouts!
Your extra speed is starting to run out.
You feel dopey for a moment.
You feel yourself slow down.
There is a staircase leading out of the dungeon here.
You have escaped!

##....#####...
###.......#.....
##...............
##................
##..............##.
#..............####
#.........###### #
##...g##### #@####
###


You could see a goblin.

Vanquished Creatures
  4 orbs of fire
  7 ancient liches
  Sojobo (Vaults:4)
  2 caustic shrikes
  Norris (Depths:2)
  Saint Roka (Shoals:5)
  A Killer Klown (Zot:5)
  2 curse toes
  Mara (Vaults:5)
  Mennas (Crypt:2)
  Jory (Depths:3)
  10 golden dragons
  2 bone dragons
  Xtahua (Depths:3)
  Frederick (Depths:5)
  Nikola (Depths:3)
  2 electric golems
  8 tentacled monstrosities
  17 Orb Guardians (Zot:5)
  4 titans
  4 acid blobs
  3 deep elf blademasters
  4 quicksilver dragons
  A deep elf master archer (Elf:3)
  A Shadow Fiend (Elf:3)
  A tentacled starspawn (Abyss:3)
  An octopode crusher (Abyss:3)
  7 liches
  An Executioner (Vaults:5)
  12 fire giants
  An ancient champion (Crypt:2)
  A daeva (Abyss:1)
  9 tengu reavers
  6 shadow dragons
  9 sphinxes
  5 greater nagas (Snake:5)
  7 storm dragons
  4 draconian monks
  2 revenants
  Ilsuiw (Shoals:5)
  3 azure jellies
  2 ghost moths
  3 iron dragons
  9 frost giants
  12 vault wardens
  2 draconian knights
  Aizul (Crypt:1)
  7 deep elf sorcerers
  2 draconian scorchers (Zot:1)
  A cacodemon (Abyss:3)
  2 curse skulls
  5 ghouls (Crypt:1)
  5 draconian zealots
  4 emperor scorpions
  A caustic shrike zombie (Crypt:1)
  23 ironheart preservers
  5 rakshasas
  5 draconian annihilators
  An angel (Zot:5)
  2 vampire knights
  3 war gargoyles
  3 very ugly things
  2 spriggan defenders (Depths:5)
  3 grey draconians
  A draconian caller (Zot:1)
  5 deep elf demonologists (Elf:3)
  7 green draconians
  17 stone giants
  4 dire elephants
  8 black draconians
  6 pale draconians
  10 deep elf annihilators
  7 mottled draconians
  2 red draconians
  5 white draconians
  3 purple draconians
  5 yellow draconians
  13 ettins
  A green death (Zot:5)
  2 merfolk javelineers (Shoals:5)
  9 jiangshi
  A crystal guardian (Vaults:5)
  A minotaur (shapeshifter) (Vaults:5)
  7 deep elf death magi
  6 orc knights
  22 vault guards
  4 death oozes
  2 blizzard demons
  3 merfolk impalers
  12 fire dragons
  4 minotaurs
  7 eidola
  8 death cobs
  4 deep elf high priests
  11 yaktaur captains
  Fannar (D:13)
  5 great orbs of eyes
  An ice dragon (shapeshifter) (D:13)
  4 hydras
  4 naga warriors
  22 ice dragons
  4 anacondas
  Erica (D:13)
  An alligator snapping turtle (Shoals:5)
  13 centaur warriors
  4 spriggan air magi
  2 death knights
  A hell hog (D:13)
  18 ogre magi
  9 deep troll earth magi
  2 thrashing horrors (Abyss:1)
  11 deep troll shamans
  7 spriggan berserkers
  8 death yaks
  12 dancing weapons
  2 tengu warriors
  4 shock serpents
  8 vampire magi
  4 naga sharpshooters
  2 fire crabs
  A death drake (Zot:1)
  2 wretched stars (Abyss:1)
  A titan skeleton (Depths:3)
  3 iron trolls
  16 skeletal warriors
  11 shadow wraiths
  A spatial maelstrom (Abyss:3)
  9 flayed ghosts
  37 deep trolls
  5 unseen horrors
  16 sea snakes
  8 ice devils
  15 deep elf knights
  7 hell knights
  6 deep elf summoners
  3 ice statues
  2 giant orange brains
  3 naga ritualists
  12 ironbrand convokers
  A deathcap (Zot:3)
  A spectral hydra (Crypt:2)
  17 harpies
  14 hill giants
  2 necromancers
  14 deep elf conjurers
  A faun (Shoals:2)
  22 ugly things
  4 manticores
  A shining eye (shapeshifter) (Vaults:5)
  2 spectral alligators (Crypt:1)
  4 mana vipers
  8 cyclopes
  11 phantasmal warriors
  2 sixfirhies
  3 hornets
  7 wolf spiders
  2 water nymphs (Shoals:4)
  A draconian (shapeshifter) (Vaults:2)
  A sphinx skeleton (Depths:3)
  3 worldbinders
  A centaur zombie (D:13)
  5 griffons
  5 sirens
  12 moths of wrath
  8 spiny frogs
  A guardian serpent (Snake:5)
  A drowned soul (Abyss:3)
  14 vault sentinels
  6 naga magi
  Joseph (D:8)
  A black mamba (shapeshifter) (Depths:2)
  8 elephants
  2 salamanders
  5 gargoyles
  A rust devil (Depths:2)
  2 orange demons
  11 black mambas
  9 smoke demons
  A black draconian zombie (Zot:1)
  A mottled draconian zombie (Zot:1)
  2 spiny frogs (shapeshifter)
  A dire elephant skeleton (Crypt:2)
  A spriggan skeleton (Depths:3)
  An efreet (D:15)
  3 hellwings
  A demonic crawler (Elf:3)
  33 yaktaurs
  An ancient zyme (Abyss:3)
  6 blue devils
  A pale draconian skeleton (Crypt:2)
  A fire drake (Lair:6)
  An anaconda simulacrum (IceCv)
  A minotaur zombie (Lab)
  2 queen bees
  2 red devils
  A tengu conjurer (D:15)
  A golden dragon simulacrum (IceCv)
  3 jumping spiders
  4 kobold demonologists
  10 deep elf priests
  A merfolk (shapeshifter) (Depths:2)
  6 trolls
  31 two-headed ogres
  12 wandering mushrooms
  3 komodo dragons
  7 merfolk
  A two-headed ogre (shapeshifter) (Vaults:3)
  2 polar bears
  4 freezing wraiths
  2 wind drakes
  5 blink frogs
  A raiju (shapeshifter) (D:15)
  9 raiju (Abyss:3)
  64 slime creatures
  A moth of wrath zombie (Zot:1)
  A trapdoor spider zombie (D:11)
  A boulder beetle (Vaults:4)
  A harpy skeleton (Abyss:1)
  2 ravens
  2 snapping turtles
  2 water elementals (Shoals:5)
  A fire dragon zombie (Crypt:3)
  2 air elementals (Depths:3)
  4 vampires
  8 redbacks
  A slime creature (shapeshifter) (Depths:5)
  2 ettin skeletons
  A basilisk (shapeshifter) (Vaults:4)
  A trapdoor spider (shapeshifter) (Vaults:1)
  3 flying skulls
  4 ynoxinuls
  2 yaks (shapeshifter)
  A basilisk (D:14)
  5 shadows
  A black mamba zombie (Crypt:3)
  An alligator skeleton (Crypt:3)
  9 yaks
  A trapdoor spider (D:11)
  16 vampire mosquitoes
  3 hungry ghosts
  9 wraiths
  Eustachio (D:8)
  14 deep elf magi
  A wyvern (D:15)
  Grum (D:9)
  11 chaos spawn
  2 hippogriffs
  A steam dragon (D:10)
  A harpy simulacrum (IceCv)
  A dire elephant simulacrum (IceCv)
  A hydra simulacrum (IceCv)
  5 wargs
  Edmund (D:6)
  A deep troll zombie (Depths:1)
  20 nagas
  An orb spider zombie (Crypt:1)
  8 water moccasins
  4 mottled dragons
  A soldier ant (D:10)
  A swamp drake (Zot:1)
  28 deep elf fighters
  A human zombie (Depths:3)
  A hell hound (Depths:1)
  5 large abominations
  6 wolves
  6 porcupines
  A spider (shapeshifter) (Vaults:5)
  2 phantoms
  2 sky beasts
  5 orc warriors
  A fire dragon simulacrum (Abyss:3)
  70 ogres
  A spiny frog skeleton (Crypt:1)
  A black bear (D:6)
  An eye of draining (shapeshifter) (Vaults:3)
  5 necrophages
  A snapping turtle zombie (Crypt:1)
  11 starcursed masses
  17 centaurs
  A swamp dragon zombie (Crypt:3)
  9 boggarts
  11 small abominations
  3 eyes of draining
  A boring beetle (shapeshifter) (Vaults:4)
  A lost soul (Crypt:3)
  13 ice beasts
  A snapping turtle skeleton (Crypt:2)
  3 crocodiles
  Duvessa (D:9)
  2 boring beetles
  7 big kobolds
  A draconian zombie (Crypt:2)
  A yaktaur zombie (Depths:1)
  A fire crab zombie (Crypt:2)
  12 giant frogs
  A gnoll sergeant (D:10)
  3 water moccasin zombies (Ossuary)
  2 scorpions
  23 wights
  An orc simulacrum (Vaults:1)
  A human simulacrum (Vaults:3)
  30 killer bees
  4 goliath beetles
  Dowan (D:9)
  6 crimson imps
  A wolf skeleton (Crypt:2)
  6 hounds
  3 quasits
  3 giant frog skeletons
  A giant frog zombie (D:9)
  22 jellies
  4 orc priests
  10 orc wizards
  An iron imp (Abyss:1)
  2 centaur skeletons
  9 hell rats
  2 iguanas
  7 worker ants
  A boulder beetle simulacrum (Vaults:2)
  2 killer bee zombies
  3 big kobold zombies (Ossuary)
  12 sheep
  Ijyb (D:6)
  A demigod skeleton (Crypt:2)
  An ogre skeleton (Crypt:1)
  A hound skeleton (D:7)
  3 mummies
  2 worker ant zombies
  2 gnolls (D:10)
  10 river rats
  23 adders
  3 worms (D:3)
  A giant mite (D:3)
  A goliath beetle zombie (Crypt:1)
  3 shadow imps
  8 ufetubi
  3 adder skeletons
  6 adder zombies (Ossuary)
  A sheep skeleton (Crypt:2)
  9 giant geckos
  2 oozes
  42 orcs
  A ball python (D:2)
  6 gnoll zombies (Ossuary)
  22 goblins
  24 hobgoblins
  12 jackals
  14 quokkas
  17 bats
  8 giant cockroaches
  A giant gecko zombie (Crypt:1)
  5 giant newts
  A giant spore (D:7)
  3 hobgoblin zombies (Ossuary)
  34 kobolds
  5 kobold zombies (Ossuary)
  A lurking horror (Abyss:1)
  6 orc zombies
  16 rats
  8 ballistomycetes
  3 crawling corpses
  2 fungi
  5 plants
  A tentacle (Shoals:5)
  A tentacle segment (Shoals:5)
2073 creatures vanquished.

Vanquished Creatures (collateral kills)
  the royal jelly (Slime:6)
  Dissolution (Slime:3)
  2 orbs of fire
  A Killer Klown (Zot:5)
  2 golden dragons
  3 electric golems
  A spellforged servitor (Crypt:3)
  2 tentacled monstrosities (Vaults:5)
  A lich (Depths:4)
  A deep elf master archer (Elf:3)
  7 Orb Guardians (Zot:5)
  7 acid blobs
  A titan (Vaults:5)
  The ghost of jazmu the Earth Mage, a mighty GrEE of Vehumet (Shoals:5)
  3 sphinxes
  A kraken (Shoals:5)
  An octopode crusher (Depths:1)
  4 tengu reavers
  4 shadow dragons
  An orc warlord (Zot:3)
  6 storm dragons
  An azure jelly (Slime:6)
  A revenant (Crypt:2)
  A frost giant (shapeshifter) (Vaults:5)
  A fire giant (Depths:4)
  3 greater nagas
  Wiglaf (Vaults:4)
  An emperor scorpion (Depths:5)
  4 vault wardens
  3 deep elf sorcerers
  A draconian zealot (Zot:2)
  5 frost giants
  A cacodemon (Elf:3)
  2 iron dragons
  8 ironheart preservers
  The ghost of lorenzova the Imperceptible, a mighty SpEn of Dithmenos (Shoals:1)
  4 war gargoyles
  A spriggan defender (Depths:5)
  2 ghouls (Crypt:1)
  4 draconian shifters
  3 very ugly things
  5 stone giants
  3 draconian annihilators
  A reaper (Crypt:2)
  3 grey draconians
  2 green draconians
  A draconian caller (Zot:2)
  4 deep elf demonologists
  A vampire knight (Crypt:3)
  A dire elephant (Depths:2)
  2 purple draconians
  A red draconian (Zot:3)
  2 deep elf annihilators (Elf:3)
  2 black draconians
  2 mottled draconians (Zot:2)
  A pale draconian (Zot:3)
  An eidolon (Crypt:1)
  A deep elf high priest (Vaults:5)
  5 ettins
  Snorg (Shoals:5)
  A crystal guardian (Vaults:4)
  7 yaktaur captains
  5 merfolk javelineers
  A blizzard demon (IceCv)
  3 death oozes
  4 minotaurs
  5 fire dragons
  5 deep elf death magi
  13 vault guards
  4 merfolk impalers
  5 jiangshi
  A death cob (Zot:2)
  7 ice dragons
  7 great orbs of eyes
  A spectral quicksilver dragon (Depths:1)
  7 naga warriors
  2 rakshasas
  A spriggan air mage (Depths:2)
  2 centaur warriors
  5 hydras
  2 alligator snapping turtles
  A merfolk aquamancer (Shoals:5)
  2 catoblepae
  2 merfolk avatars
  8 dancing weapons (Elf:2)
  3 anacondas
  5 deep troll earth magi
  A vampire mage (Depths:1)
  8 ogre magi
  2 tengu warriors
  A death knight (Crypt:1)
  7 naga sharpshooters
  3 spriggan berserkers
  2 shock serpents
  A soul eater (Depths:1)
  17 death yaks
  46 slime creatures
  5 deep troll shamans
  An ice devil (Vaults:3)
  A salamander mystic (Snake:1)
  3 iron trolls
  A fire crab (Vaults:4)
  12 deep elf knights
  9 skeletal warriors
  13 sea snakes
  2 flayed ghosts
  13 deep trolls
  An unseen horror (shapeshifter) (Vaults:5)
  8 deep elf summoners
  5 hill giants
  A lindwurm (shapeshifter) (Shoals:1)
  4 hell knights
  A naga ritualist (Snake:2)
  3 large abominations
  3 ironbrand convokers
  2 shadow demons (Elf:3)
  2 wolf spiders
  A tengu zombie (Depths:3)
  4 orc knights
  5 deep elf conjurers
  17 harpies
  A hornet (Vaults:4)
  3 mana vipers
  2 fauns
  A lindwurm (Lair:8)
  9 griffons
  3 phantasmal warriors
  9 salamanders
  A small abomination (Elf:3)
  A cyclops (Vaults:1)
  4 orc sorcerers
  5 manticores
  A hornet (shapeshifter) (Depths:4)
  2 water nymphs
  2 shining eyes (Slime:6)
  14 black mambas
  6 moths of wrath
  15 ugly things
  2 sirens (Shoals:1)
  A frost giant skeleton (Crypt:3)
  19 elephants
  12 naga magi
  A centaur zombie (D:14)
  10 guardian serpents
  3 vault sentinels
  An octopode (shapeshifter) (Depths:5)
  4 gargoyles
  A rust devil (Elf:3)
  3 smoke demons
  5 spiny frogs
  A torpor snail (Depths:3)
  An orange demon (Elf:3)
  A centaur skeleton (D:13)
  An eye of devastation (Slime:6)
  A kobold demonologist (Elf:3)
  A komodo dragon (shapeshifter) (Vaults:1)
  22 yaktaurs
  An efreet (D:13)
  4 demonic crawlers
  2 blue devils (IceCv)
  7 komodo dragons
  3 trolls
  A fire drake (shapeshifter) (Vaults:5)
  5 freezing wraiths
  A fire drake (Lair:8)
  12 deep elf priests
  A polar bear (Lair:8)
  A troll (shapeshifter) (Depths:3)
  A fire vortex (Depths:1)
  3 hellwings
  12 merfolk
  A red devil (Crypt:3)
  A boulder beetle (Vaults:3)
  A sphinx simulacrum (Vaults:3)
  A jumping spider (Elf:3)
  10 two-headed ogres
  A blink frog (shapeshifter) (Depths:4)
  4 snapping turtles
  A bog body (Crypt:1)
  A basilisk (shapeshifter) (Depths:2)
  5 ravens
  5 basilisks
  6 blink frogs
  A hornet zombie (D:13)
  2 water elementals
  A satyr skeleton (Crypt:1)
  3 air elementals
  A chaos spawn (Vaults:3)
  2 dire elephant simulacra (IceCv)
  3 shadows
  An ice dragon skeleton (Crypt:1)
  6 vampires
  A wyvern (shapeshifter) (Depths:5)
  14 deep elf magi
  2 elf zombies (Depths:1)
  9 yaks
  3 wraiths
  4 redbacks
  3 hippogriffs
  A ynoxinul (Vaults:5)
  2 hungry ghosts
  30 nagas
  16 deep elf fighters
  A wandering mushroom (Zot:3)
  11 vampire mosquitoes
  7 wolves
  3 wargs
  A hippogriff (shapeshifter) (Elf:2)
  A manticore zombie (Depths:1)
  A naga (shapeshifter) (Vaults:5)
  2 hydra simulacra (IceCv)
  13 water moccasins
  10 porcupines
  4 orc warriors
  30 ogres
  A soldier ant (D:14)
  2 ice beasts
  4 boggarts
  3 eyes of draining
  2 black bears
  An ettin simulacrum (IceCv)
  15 centaurs
  7 crocodiles
  A giant frog (shapeshifter) (Elf:3)
  A lost soul (Vaults:5)
  Blork the orc (D:9)
  2 big kobolds (Vaults:2)
  11 giant frogs
  A scorpion (D:14)
  14 killer bees
  A spectral big kobold (Crypt:2)
  12 wights
  3 electric eels
  A giant frog zombie (D:11)
  6 orc priests
  3 crimson imps
  A two-headed ogre zombie (Orc:4)
  4 hounds
  3 iguanas
  15 jellies
  A worker ant (D:14)
  8 orc wizards
  5 hell rats
  2 ogre zombies
  6 sheep
  3 gnolls (D:10)
  A worker ant zombie (D:11)
  11 adders
  18 river rats
  2 ufetubi (Shoals:5)
  A giant gecko (D:11)
  3 oozes (Lair:8)
  24 orcs
  8 goblins
  2 hobgoblins
  3 kobolds (D:10)
  3 quokkas
  A giant spore (D:10)
  An orc zombie (Orc:4)
  2 rats (D:9)
  A spectral giant cockroach (Crypt:2)
  4 crawling corpses
  6 fungi
  16 plants
  2 tentacles (Shoals:5)
1150 creatures vanquished.

Vanquished Creatures (others)
  7 orc warlords
  A tentacled monstrosity (Zot:5)
  A sphinx (Vaults:5)
  A tengu reaver (Vaults:1)
  A merfolk impaler (Depths:3)
  A deep elf high priest (Elf:1)
  An ice dragon (Zot:5)
  7 orc high priests
  A soul eater (Shoals:1)
  A deep troll (Vaults:4)
  35 orc knights
  A hornet (Vaults:3)
  4 orc sorcerers
  A moth of wrath (Zot:5)
  2 ugly things (Depths:3)
  A sixfirhy (Zot:5)
  3 drowned souls
  27 orc wizards
  2 yaktaurs (Depths:3)
  31 orc warriors
  A tormentor (Zot:3)
  A merfolk (Elf:3)
  A two-headed ogre (Orc:4)
  A big kobold (Lair:8)
  2 deep elf magi (Elf:3)
  2 chaos spawn
  A deep elf fighter (Elf:2)
  A centaur (Vaults:2)
  A water moccasin (Lair:8)
  15 lost souls
  An ogre (Vaults:5)
  A boggart (Depths:1)
  43 orc priests
  A hell rat (Elf:3)
  An adder (Lair:8)
  4 ufetubi
  110 orcs
  A hobgoblin (Orc:2)
  4 fungi
  15 plants
  2 starspawn tentacles (Abyss:3)
  5 tentacles (Shoals:5)
  132 tentacle segments (Shoals:5)
475 creatures vanquished.

Grand Total: 3698 creatures vanquished

Notes
Turn   | Place    | Note
--------------------------------------------------------------
     0 | D:1      | KarvaRausku, the Hill Orc Fighter, began the quest for the Orb.
     0 | D:1      | Reached XP level 1. HP: 19/19 MP: 1/1
   172 | D:1      | Reached XP level 2. HP: 27/27 MP: 2/2
   509 | D:1      | Reached skill level 4 in Fighting
   798 | D:2      | Found a shadowy altar of Dithmenos.
   811 | D:2      | Reached XP level 3. HP: 30/33 MP: 3/3
  1334 | D:2      | Reached XP level 4. HP: 41/41 MP: 4/4
  1465 | D:2      | Found an ancient bone altar of Kikubaaqudgha.
  1468 | D:2      | Found a sparkling altar of Nemelex Xobeh.
  1471 | D:2      | Found an iron altar of Okawaru.
  1492 | D:2      | Found a deep blue altar of Sif Muna.
  1822 | D:3      | Reached XP level 5. HP: 47/47 MP: 5/5
  1878 | D:3      | Reached skill level 5 in Fighting
  1948 | D:3      | Noticed an ice beast
  1965 | D:3      | Killed an ice beast
  1965 | D:3      | Reached skill level 5 in Maces & Flails
  1979 | D:3      | Noticed a phantom
  2213 | D:2      | Reached XP level 6. HP: 32/56 MP: 6/6
  2817 | D:4      | Found a sand-covered staircase.
  2830 | Ossuary  | Entered an ossuary
  3009 | Ossuary  | Reached skill level 6 in Maces & Flails
  3055 | Ossuary  | Reached XP level 7. HP: 39/63 MP: 7/7
  3466 | Ossuary  | Reached skill level 7 in Maces & Flails
  3674 | D:4      | Found a burning altar of Makhleb.
  4036 | D:5      | Entered Level 5 of the Dungeon
  4200 | D:5      | Reached skill level 8 in Maces & Flails
  4322 | D:5      | Reached XP level 8. HP: 50/73 MP: 8/8
  4352 | D:5      | Found an opulent altar of Gozag.
  4607 | D:5      | Became a worshipper of Beogh the Brigand
  5249 | D:6      | Reached skill level 9 in Maces & Flails
  5312 | D:6      | Found a staircase to the Ecumenical Temple.
  5327 | Temple   | Entered the Ecumenical Temple
  5427 | D:6      | Noticed Edmund
  5500 | D:6      | Acquired Beogh's first power
  5578 | D:6      | Noticed Ijyb
  5594 | D:6      | Killed Ijyb
  5773 | D:6      | Killed Edmund
  5877 | D:6      | Reached skill level 10 in Maces & Flails
  5908 | D:6      | Reached XP level 9. HP: 63/82 MP: 9/9
  6521 | D:7      | Reached skill level 1 in Dodging
  7202 | D:7      | Found a bloodstained altar of Trog.
  7362 | D:7      | Acquired Beogh's second power
  7975 | D:8      | Noticed Eustachio
  7992 | D:8      | Killed Eustachio
  8170 | D:8      | Noticed Joseph
  8197 | D:8      | Killed Joseph
  8197 | D:8      | Reached skill level 11 in Maces & Flails
  8197 | D:8      | Reached skill level 5 in Armour
  8197 | D:8      | Reached skill level 5 in Shields
  8197 | D:8      | Reached XP level 10. HP: 74/93 MP: 10/10
  8527 | D:8      | Reached skill level 10 in Fighting
  8705 | D:8      | Found Coezid's Gadget Emporium.
  8851 | D:8      | Acquired Beogh's third power
  9004 | D:9      | Gained Arkwar as an ally
  9022 | D:9      | Noticed Duvessa
  9023 | D:9      | Noticed Dowan
  9030 | D:9      | Killed Duvessa
  9046 | D:9      | Killed Dowan
  9731 | D:9      | Noticed Grum
  9750 | D:9      | Killed Grum
  9774 | D:9      | Noticed Blork the orc
  9784 | D:9      | Killed Blork the orc
 10446 | D:10     | Entered Level 10 of the Dungeon
 10459 | D:10     | Acquired Beogh's fourth power
 10478 | D:10     | Gained Marbaugh as an ally
 10769 | D:10     | Found a staircase to the Lair.
 10776 | D:10     | Found Nuegegri's Assorted Antiques.
 10834 | D:10     | Reached XP level 11. HP: 101/101 MP: 11/11
 11136 | D:10     | Your ally Marbaugh died
 11148 | D:10     | Your ally Arkwar died
 11350 | D:10     | Reached skill level 12 in Maces & Flails
 11430 | D:10     | Noticed a hill giant
 11438 | D:10     | Noticed a hill giant
 11439 | D:10     | Killed a hill giant
 11448 | D:10     | Killed a hill giant
 11474 | D:10     | Noticed a hill giant
 11484 | D:10     | Killed a hill giant
 11789 | D:10     | Acquired Beogh's fifth power
 12026 | D:10     | Noticed a hill giant
 12033 | D:10     | Killed a hill giant
 12033 | D:10     | Reached skill level 5 in Dodging
 12274 | D:11     | Gained Arbolt as an ally
 12289 | D:11     | Gained Orkrul as an ally
 12323 | D:11     | Noticed an eight-headed hydra
 12328 | D:11     | Your ally Arbolt died
 12328 | D:11     | Killed a nine-headed hydra
 12636 | D:11     | Noticed an ice statue
 12736 | D:11     | Reached XP level 12. HP: 62/112 MP: 12/12
 13455 | D:12     | Found a labyrinth entrance.
 13471 | D:12     | Gained Wulfoc as an ally
 13475 | D:12     | Gained Morbeogh as an ally
 13483 | D:12     | Got a polished ring mail
 13494 | D:12     | Identified the cursed -3 ring mail of Dear {rPois rCorr MP+9 Str-5 Slay-5} (You found it on level 12 of the Dungeon)
 13521 | Lab      | Entered a labyrinth
 14301 | Lab      | Noticed a minotaur
 14310 | Lab      | Killed a minotaur
 14476 | Lab      | Got a warped dagger
 14574 | D:12     | Got a crude chain mail
 14585 | D:12     | Identified the +5 chain mail of Philately {rF+ Int-5 Dex+3} (You found it on level 12 of the Dungeon)
 14610 | D:12     | Found a staircase to the Orcish Mines.
 14810 | D:12     | Reached skill level 13 in Maces & Flails
 15272 | D:12     | Identified the +2 dagger of Upsouq {flame, -Cast Int+6 Dex+10} (You found it in a labyrinth)
 15334 | D:13     | Noticed Fannar
 15362 | D:11     | Gained Korbok as an ally
 15726 | Temple   | Identified a +1 rod of inaccuracy (10/10) (You found it in a labyrinth)
 15988 | Lair:1   | Entered Level 1 of the Lair of Beasts
 16200 | Lair:1   | Reached skill level 1 in Ice Magic
 16379 | Lair:1   | Got a smoking mace
 16380 | Lair:1   | Identified the cursed +2 mace "Klos" {drain, +Inv MR+ Int+4 Dex-3} (You found it on level 1 of the Lair of Beasts)
 17004 | Lair:3   | Noticed an eight-headed hydra
 17009 | Lair:3   | Killed an eight-headed hydra
 17046 | Lair:3   | Reached XP level 13. HP: 103/119 MP: 14/14
 17178 | Lair:3   | Identified a scroll of acquirement
 17179 | Lair:3   | Got a polished shield
 17190 | Lair:3   | Identified the +1 shield of the King of the Hill {rElec rC+ MR+ Str+2} (You acquired it on level 3 of the Lair of Beasts)
 17229 | Lair:3   | Noticed an eight-headed hydra
 17237 | Lair:3   | Killed a nine-headed hydra
 17295 | Lair:3   | Learned a level 1 spell: Freeze
 17372 | Lair:3   | Reached skill level 10 in Armour
 17392 | Lair:3   | Reached skill level 1 in Spellcasting
 17433 | Lair:3   | Found a staircase to the Shoals.
 17465 | Lair:3   | Found an opulent altar of Gozag.
 18633 | Lair:5   | Reached skill level 10 in Shields
 18804 | Lair:5   | Identified the Reference Book on Icy Transmigration (You found it on level 5 of the Lair of Beasts)
 19036 | Lair:5   | Found a staircase to the Snake Pit.
 20651 | Lair:7   | Drew Focus: Str increased to 24, Int decreased to 7
 20687 | Lair:7   | Hired Cigiusa the big kobold for 85 gold.
 20795 | Lair:7   | Gained Arbeogh as an ally
 20842 | Lair:7   | Reached XP level 14. HP: 52/130 MP: 19/19
 20852 | Lair:7   | Reached skill level 14 in Maces & Flails
 21070 | Lair:7   | Noticed a dire elephant
 21102 | Lair:7   | Killed a dire elephant
 21303 | Lair:8   | Entered Level 8 of the Lair of Beasts
 21451 | Lair:8   | Your ally Cigiusa died
 21714 | Lair:8   | Found a staircase to the Slime Pits.
 22376 | Lair:8   | Got a fine scale mail
 22387 | Lair:8   | Identified the +2 scale mail "Nojisch" {+Fly rF++ Slay+3 Stlth-} (You found it on level 8 of the Lair of Beasts)
 22998 | Orc:1    | Entered Level 1 of the Orcish Mines
 23427 | Orc:3    | Gained Boruk as an ally
 23661 | Orc:3    | Gained Grimold as an ally
 23906 | Orc:4    | Entered Level 4 of the Orcish Mines
 23933 | Orc:4    | Found a staircase to the Elven Halls.
 24077 | Orc:4    | Gained Arkwar as an ally
 24098 | Orc:4    | Gained Bogdar as an ally
 24128 | Orc:4    | Your ally Arkwar died
 24142 | Orc:4    | Gained Okrist as an ally
 24145 | Orc:4    | Gained Bogdar as an ally
 24150 | Orc:4    | Found Streezoo's Book Shop.
 24151 | Orc:4    | Found Qier's Book Emporium.
 24151 | Orc:4    | Found Smain's Jewellery Boutique.
 24169 | Orc:4    | Found Maada's Gadget Emporium.
 24196 | Orc:4    | Gained Garbold as an ally
 24241 | Orc:4    | Gained Bogwik as an ally
 24241 | Orc:4    | Your ally Bogwik died
 24558 | Orc:2    | Gained Boghold as an ally
 24820 | Orc:1    | Found a radiant altar of Vehumet.
 24926 | Orc:1    | Gained Garbold as an ally
 25042 | Orc:2    | Reached XP level 15. HP: 139/139 MP: 20/20
 25079 | Orc:2    | Gained Spirok as an ally
 25261 | D:13     | Gained Morbeogh as an ally
 25298 | D:13     | Noticed a vault guard
 25312 | D:13     | Noticed a vault guard
 25313 | D:13     | Noticed an ogre mage
 25334 | D:13     | Killed a vault guard
 25334 | D:13     | Reached skill level 15 in Maces & Flails
 25343 | D:13     | Killed an ogre mage
 25343 | D:13     | Reached skill level 15 in Fighting
 25418 | D:13     | Killed a vault guard
 25418 | D:13     | Gained Orkwin as an ally
 25437 | D:13     | Found a gate to the Vaults.
 25437 | D:13     | Noticed a vault guard
 25437 | D:13     | Noticed a vault guard
 25450 | D:13     | Killed a vault guard
 25459 | D:13     | Killed a vault guard
 25514 | D:13     | Noticed Erica
 25531 | D:13     | Killed Erica
 25594 | D:13     | Killed Fannar
 26065 | D:14     | Your ally Morbeogh died
 26453 | D:14     | Found Enegroonk's Magic Scroll Boutique.
 26458 | D:14     | Bought a scroll of enchant weapon for 97 gold pieces
 26458 | D:14     | Bought a scroll of enchant armour for 97 gold pieces
 26852 | D:14     | Found a sparkling altar of Nemelex Xobeh.
 27333 | Shoals:1 | Entered Level 1 of the Shoals
 27528 | Shoals:1 | Gained Koronagh as an ally
 27606 | Shoals:1 | Noticed lorenzova's ghost (mighty SpEn)
 27698 | Shoals:1 | Your ally Bogdar died
 27702 | Shoals:1 | Your ally Wulfoc died
 27712 | Shoals:1 | Killed lorenzova's ghost
 27722 | Shoals:1 | Your ally Arbeogh died
 27753 | Shoals:1 | Your ally Garbold died
 27813 | Shoals:1 | Identified the Papyrus of Dark Attacks (You found it on level 1 of the Shoals)
 28085 | Shoals:2 | Found Judyr's Antique Armour Shop.
 28285 | Shoals:3 | Your ally Boghold died
 28370 | Shoals:3 | Got a warped leather armour
 28381 | Shoals:3 | Identified the +1 leather armour of the Shining One's Envy {rElec rF+ Str+3} (You found it on level 3 of the Shoals)
 28863 | Shoals:4 | Reached skill level 16 in Fighting
 28864 | Shoals:4 | Reached XP level 16. HP: 119/151 MP: 21/21
 28864 | Shoals:4 | Gained Okrist as an ally
 29144 | Shoals:5 | Entered Level 5 of the Shoals
 29157 | Shoals:5 | Noticed a kraken
 29174 | Shoals:5 | Killed a kraken
 29257 | Shoals:5 | Noticed Snorg
 29268 | Shoals:5 | Killed Snorg
 29270 | Shoals:5 | Noticed Saint Roka
 29548 | Shoals:5 | Your ally Boruk died
 29551 | Shoals:5 | Killed Saint Roka
 29564 | Shoals:5 | Noticed Ilsuiw
 29586 | Shoals:5 | Killed Ilsuiw
 29598 | Shoals:5 | Gained Bolgrim as an ally
 29696 | Shoals:5 | Noticed jazmu's ghost (mighty GrEE)
 29696 | Shoals:5 | Your ally Bolgrim died
 29711 | Shoals:5 | Killed jazmu's ghost
 30016 | Shoals:5 | Gained Norbak as an ally
 30131 | Shoals:5 | Your ally Okrist died
 30142 | Shoals:5 | Your ally Spirok died
 30153 | Shoals:5 | Your ally Norbak died
 30308 | Shoals:5 | Got a barnacled rune of Zot
 31510 | Snake:1  | Entered Level 1 of the Snake Pit
 31636 | Snake:1  | Your ally Morbeogh died
 31636 | Snake:1  | Your ally Garbold died
 31637 | Snake:1  | Gained Oreg as an ally
 33332 | Snake:2  | You fall through a shaft!
 33386 | Snake:3  | Reached skill level 17 in Fighting
 33701 | Snake:3  | Reached XP level 17. HP: 154/161 MP: 22/22
 33739 | Snake:3  | Reached skill level 15 in Shields
 33828 | Snake:3  | Found Treh's Armour Shoppe.
 33877 | Snake:3  | Reached skill level 15 in Armour
 34470 | Snake:4  | Your ally Oreg died
 34675 | Snake:4  | Gained Warrok as an ally
 34957 | Snake:5  | Entered Level 5 of the Snake Pit
 35151 | Snake:5  | Your ally Warrok died
 35158 | Snake:5  | Gained Morguth as an ally
 35161 | Snake:5  | Your ally Okrist died
 35332 | Snake:5  | Your ally Morguth died
 35440 | Snake:5  | Gained Morun as an ally
 35473 | Snake:5  | Your ally Morun died
 35677 | Snake:5  | Got a serpentine rune of Zot
 36192 | Elf:1    | Entered Level 1 of the Elven Halls
 36588 | Elf:1    | Gained Borgun as an ally
 36901 | Elf:1    | Reached XP level 18. HP: 150/171 MP: 22/22
 36905 | Elf:1    | Your ally Borgun died
 37007 | Elf:1    | Reached skill level 18 in Fighting
 37435 | D:15     | Entered Level 15 of the Dungeon
 37723 | D:15     | Gained Morbeogh as an ally
 37750 | D:15     | Gained Garbold as an ally
 37759 | D:15     | Gained Bogbrand as an ally
 37984 | D:15     | Found a staircase to the Depths.
 38063 | D:15     | Your ally Morbeogh died
 38720 | Depths:1 | Entered Level 1 of the Depths
 39195 | Snake:3  | Bought the +10 plate armour "Kolatut" {rC+} for 1131 gold pieces
 40170 | Elf:2    | Found Piez's Food Boutique.
 40254 | Elf:2    | Your ally Bogbrand died
 40457 | Elf:2    | Found a runed gate.
 40458 | Elf:2    | Found a runed gate.
 40470 | Elf:2    | Found a runed gate.
 40734 | Elf:3    | Entered Level 3 of the Elven Halls
 40734 | Elf:3    | Found a frozen archway.
 40740 | IceCv    | Entered an ice cave
 41165 | IceCv    | Gained Wardok as an ally
 41212 | IceCv    | Gained Wulfoc as an ally
 41283 | IceCv    | Gained Oreg as an ally
 41597 | Elf:3    | Found Mawk's Antique Weapon Shop.
 41702 | Elf:3    | Found Jeatwen's Assorted Antiques.
 41912 | Elf:3    | Found a deep blue altar of Sif Muna.
 41983 | Elf:3    | Got a scorched tin amulet
 41983 | Elf:3    | Your ally Oreg died
 41985 | Elf:3    | Identified the amulet of the Queen {Ward rF- rN+ MR+ Str+5 Int+3 SInv} (You found it on level 3 of the Elven Halls)
 42030 | Elf:3    | Found Yskaw's Magic Scroll Shop.
 42236 | Elf:3    | Hired Dyimn the merfolk for 338 gold.
 42275 | Elf:3    | Reached skill level 19 in Fighting
 42296 | Elf:3    | Your ally Dyimn died
 42298 | Elf:3    | Noticed a Brimstone Fiend
 42300 | Elf:3    | Your ally Wardok died
 42302 | Elf:3    | Your ally Garbold died
 42304 | Elf:3    | Drew Focus: Str increased to 26, Int decreased to 6
 42305 | Elf:3    | Noticed a Brimstone Fiend
 42305 | Elf:3    | Your ally Wulfoc died
 42340 | Elf:3    | Noticed an Ice Fiend
 42345 | Elf:3    | Your ally Orkrul died
 42391 | Elf:3    | Your ally Bogdar died
 42954 | Vaults:1 | Entered Level 1 of the Vaults
 43250 | Vaults:1 | Your ally Grimold died
 43267 | Vaults:1 | Reached XP level 19. HP: 136/183 MP: 23/23
 44059 | Vaults:1 | Gained Zorug as an ally
 44109 | Vaults:1 | Gained Borgun as an ally
 44110 | Vaults:1 | Your ally Zorug died
 44261 | Vaults:1 | Your ally Borgun died
 44350 | Vaults:1 | Gained Okrist as an ally
 44706 | Vaults:1 | Gained Berold as an ally
 45192 | Vaults:1 | Gained Alork as an ally
 45877 | Elf:3    | Gained Zartorak as an ally
 45915 | Elf:3    | Your ally Berold died
 45917 | Elf:3    | Your ally Okrist died
 45918 | Elf:3    | Your ally Zartorak died
 45919 | Elf:3    | Your ally Alork died
 45963 | Elf:3    | Gained mutation: Potions and wands are less effective at restoring your health. [a neqoxec]
 45986 | Elf:3    | Gained Murdo as an ally
 46084 | Elf:3    | Your ally Murdo died
 46333 | Elf:3    | Gained Urtork as an ally
 46371 | Elf:3    | Noticed a Brimstone Fiend
 46652 | Elf:3    | Got an encrusted mace
 46653 | Elf:3    | Identified the +5 mace "Pywaguihe" {holy, rPois rN++ MR+ MP-9 Dex-2} (You found it on level 3 of the Elven Halls)
 46692 | Elf:3    | Your ally Urtork died
 46728 | Elf:3    | Gained mutation: You are covered in fur (AC +1). [a cacodemon]
 46949 | Elf:3    | Got a smoking halberd
 47020 | Elf:3    | Gained Brunolf as an ally
 47439 | Elf:3    | Got a crystal great mace
 47440 | Elf:3    | Identified the +3 great mace of Beyond {crush, Contam +Blink rPois rC+ MR+} (You found it on level 3 of the Elven Halls)
 47441 | Elf:3    | Identified the +7 halberd of Blag Futei {flame, MR+ Str+4 Dex+4} (You took it off a deep elf demonologist on level 3 of the Elven Halls)
 47449 | Elf:3    | Got a shimmering quarterstaff
 47890 | Elf:2    | Reached skill level 20 in Fighting
 48636 | Depths:1 | Gained Orbeogh as an ally
 48659 | Depths:1 | Found Muesu's Gadget Shop.
 48692 | Depths:1 | Identified the +4 quarterstaff "Puaceric" {crush, rN+ Str+4 Dex-3} (You found it on level 3 of the Elven Halls)
 48786 | Depths:1 | Reached XP level 20. HP: 165/193 MP: 15/24
 48821 | Depths:1 | Your ally Orbeogh died
 49279 | D:11     | Killed an ice statue
 49650 | Slime:1  | Entered Level 1 of the Pits of Slime
 50296 | Slime:4  | Noticed Dissolution
 50535 | Slime:3  | Gained Zorug as an ally
 50541 | Slime:3  | Gained mutation: You are clumsy. (Dex -2) [a shining eye]
 50546 | Slime:3  | Killed Dissolution
 50643 | Slime:3  | Lost mutation: You are clumsy. (Dex -2) [potion of cure mutation]
 50643 | Slime:3  | Lost mutation: Potions and wands are less effective at restoring your health. [potion of cure mutation]
 50643 | Slime:3  | Lost mutation: You are covered in fur (AC +1). [potion of cure mutation]
 50773 | Slime:6  | Entered Level 6 of the Pits of Slime
 51013 | Slime:6  | Gained mutation: You are frail (-10% HP). [a shining eye]
 51014 | Slime:6  | Gained mutation: You are clumsy. (Dex -2) [a shining eye]
 51064 | Slime:6  | Gained Koronagh as an ally
 51416 | Slime:6  | Found a viscous altar of Jiyva.
 51416 | Slime:6  | Noticed the royal jelly
 51435 | Slime:6  | Your ally Koronagh died
 51440 | Slime:6  | Your ally Zorug died
 51446 | Slime:6  | Killed the royal jelly
 51750 | Slime:6  | Got a slimy rune of Zot
 51841 | Slime:6  | Got a brightly glowing falchion
 51853 | Slime:6  | Hired Duiryoch the merfolk for 349 gold.
 51857 | Slime:6  | Got a shimmering steel ring
 51875 | Slime:6  | Identified the cursed +3 falchion of Skirmishing {slice, +Fly rElec Str+3 Dex+5 Stlth-} (You found it on level 6 of the Pits of Slime)
 51879 | Slime:6  | Got a slimy rapier
 51880 | Slime:6  | Identified the cursed +0 rapier of Fortitude {pierce, +Fly rElec Str+6 Int-2 Stlth-} (You found it on level 6 of the Pits of Slime)
 51882 | Slime:6  | Identified the ring "Noshre" {SustAb rElec rF++ Str+3 Dex-4} (You found it on level 6 of the Pits of Slime)
 52009 | Lair:8   | Lost mutation: You are frail (-10% HP). [potion of cure mutation]
 52009 | Lair:8   | Lost mutation: You are clumsy. (Dex -2) [potion of cure mutation]
 52544 | Depths:1 | Reached skill level 1 in Long Blades
 52917 | Depths:1 | Found a gateway to Hell.
 53368 | Depths:2 | Noticed Norris
 53383 | Depths:2 | Killed Norris
 53907 | Depths:2 | Reached XP level 21. HP: 184/203 MP: 15/24
 53963 | Depths:2 | Noticed a caustic shrike
 53977 | Depths:2 | Killed a caustic shrike
 54132 | Depths:2 | Reached skill level 5 in Long Blades
 54430 | Depths:3 | Noticed Nikola
 54446 | Depths:3 | Reached skill level 21 in Fighting
 54764 | Depths:3 | Found a one-way gate leading to the halls of Pandemonium.
 54780 | Depths:3 | Killed Nikola
 55238 | Depths:3 | Noticed Xtahua
 55254 | Depths:3 | Killed Xtahua
 55415 | Depths:3 | Your ally Duiryoch died
 55658 | Depths:3 | Noticed Jory
 55993 | Vaults:2 | Found Kiot's Gadget Emporium.
 56888 | Vaults:2 | Reached skill level 1 in Axes
 57110 | Vaults:2 | Gained Orkwin as an ally
 58059 | Lair:1   | Reached skill level 5 in Axes
 58274 | Orc:4    | Gained Harm as an ally
 58849 | Vaults:2 | Your ally Harm died
 58857 | Vaults:2 | Your ally Orkwin died
 59107 | Vaults:2 | Found a staircase to the Crypt.
 59155 | Vaults:2 | Gained Bogdar as an ally
 59575 | Vaults:3 | Reached XP level 22. HP: 211/213 MP: 25/25
 59579 | Vaults:3 | Gained Jorge as an ally
 59581 | Vaults:3 | Gained Wargrak as an ally
 59583 | Vaults:3 | Your ally Jorge died
 59584 | Vaults:3 | Gained Gorbash as an ally
 59585 | Vaults:3 | Your ally Bogdar died
 59586 | Vaults:3 | Your ally Gorbash died
 59592 | Vaults:3 | Gained Argrim as an ally
 60085 | Vaults:3 | Found a deep blue altar of Sif Muna.
 60113 | Vaults:3 | Gained Gorbash as an ally
 60344 | Vaults:3 | Reached skill level 10 in Axes
 60606 | Vaults:4 | Noticed Wiglaf
 60615 | Vaults:4 | Killed Wiglaf
 60657 | Vaults:4 | Noticed Sojobo
 60675 | Vaults:4 | Killed Sojobo
 60678 | Vaults:4 | Gained mutation: Your spells are a little harder to cast, but a little more powerful. [potion of beneficial mutation]
 60831 | Vaults:4 | Found a flickering gateway to a bazaar.
 61399 | Vaults:4 | Gained Morun as an ally
 61444 | Bazaar   | Entered a bazaar
 61447 | Bazaar   | Found Chyfreul's Antique Armour Emporium.
 61456 | Bazaar   | Found Vaerun's Antique Weapon Boutique.
 61460 | Bazaar   | Found Muoledwo's Jewellery Emporium.
 61468 | Bazaar   | Found Uwuomuli's Gadget Shoppe.
 61471 | Bazaar   | Bought the amulet "Zyno" {rMut Int+2 Slay+2} for 536 gold pieces
 61545 | Bazaar   | Bought a pair of embroidered gloves for 72 gold pieces
 61571 | Bazaar   | Bought the ring of Irraxkat {rN+ Str+4 Int-4 Slay+3} for 356 gold pieces
 61592 | Bazaar   | Bought an encrusted war axe for 229 gold pieces
 61592 | Bazaar   | Bought a dazzling flail for 229 gold pieces
 61624 | Vaults:4 | Identified the +5 war axe "Thehell" {flame, Str+3} (You bought it in a shop in a bazaar)
 61625 | Vaults:4 | Identified the +8 flail "Psosmad" {holy, +Fly rC- Int+6 SInv} (You bought it in a shop in a bazaar)
 62378 | Depths:4 | Found an iron altar of Okawaru.
 62432 | Depths:3 | Reached skill level 22 in Fighting
 62468 | Depths:3 | Killed Jory
 62653 | Depths:3 | Reached XP level 23. HP: 223/223 MP: 25/25
 62697 | Depths:3 | Gained Jorge as an ally
 63287 | Depths:4 | Found a runed door.
 63595 | Depths:4 | Found a one-way gate to the infinite horrors of the Abyss.
 63850 | Depths:5 | Entered Level 5 of the Depths
 63993 | Depths:5 | Found a gateway to a ziggurat.
 64106 | Depths:5 | Found a gate to the Realm of Zot.
 64178 | Depths:5 | Found a white marble altar of Elyvilon.
 64179 | Depths:5 | Found a stormy altar of Qazlal.
 64179 | Depths:5 | Found a shimmering altar of Xom.
 64291 | Depths:5 | Reached skill level 15 in Axes
 64438 | Depths:5 | Noticed a caustic shrike
 64447 | Depths:5 | Killed a caustic shrike
 64480 | Depths:5 | Reached skill level 23 in Fighting
 64503 | Depths:5 | Reached XP level 24. HP: 122/235 MP: 26/26
 64926 | Depths:5 | Noticed Frederick
 64932 | Depths:5 | Killed Frederick
 65893 | Vaults:5 | Entered Level 5 of the Vaults
 65898 | Vaults:5 | Found Daydwasso's Magic Scroll Shop.
 66066 | Vaults:5 | Reached skill level 24 in Fighting
 66119 | Vaults:5 | Noticed Mara
 66129 | Vaults:5 | Your ally Wargrak died
 66136 | Vaults:5 | Gained Bogbrand as an ally
 66145 | Vaults:5 | Noticed KarvaRausku's illusion
 66148 | Vaults:5 | Killed Mara
 66220 | Vaults:5 | Reached XP level 25. HP: 166/246 MP: 27/27
 66262 | Vaults:5 | Got a silver rune of Zot
 66279 | Vaults:5 | Your ally Bogbrand died
 66517 | Vaults:5 | Found Grateimn's Magic Scroll Shop.
 66540 | Vaults:5 | Found Praez's Food Boutique.
 66540 | Vaults:5 | Found Tapaseij's Distillery.
 66566 | Vaults:5 | Found Oniakh's Magic Scroll Shoppe.
 66574 | Vaults:5 | Found Bloidghuwus' Food Boutique.
 66591 | Vaults:5 | Found Qynoah's Distillery.
 66591 | Vaults:5 | Found Efruinec's Food Boutique.
 67111 | Vaults:5 | Got a translucent great sword
 67112 | Vaults:5 | Identified the +1 great sword of Nemelex Xobeh's Fury {venom, rC++ rN+} (You took it off a vault guard on level 5 of the Vaults)
 67249 | Vaults:5 | Reached skill level 25 in Fighting
 67581 | Vaults:5 | Bought a scroll of acquirement for 936 gold pieces
 67587 | Vaults:5 | Got a polished cloak
 67598 | Vaults:5 | Identified the -2 cloak of the Lost Realms {Int+5} (You acquired it on level 5 of the Vaults)
 68811 | Slime:4  | Gained Wargath as an ally
 68902 | Slime:4  | Your ally Wargath died
 69362 | Lair:7   | Gained Marbork as an ally
 69362 | Lair:7   | Gained Judas as an ally
 69989 | Zot:1    | Entered Level 1 of the Realm of Zot
 70088 | Zot:1    | Gained Alork as an ally
 70118 | Zot:1    | Gained Boruk as an ally
 70129 | Zot:1    | Your ally Boruk died
 70132 | Zot:1    | Gained Berold as an ally
 70142 | Zot:1    | Your ally Berold died
 70833 | Zot:1    | Noticed an orb of fire
 70857 | Zot:1    | Your ally Alork died
 70870 | Zot:1    | Killed an orb of fire
 71137 | Zot:2    | Gained Orkwin as an ally
 71137 | Zot:2    | Gained Bogfrid as an ally
 71194 | Zot:2    | Gained Morun as an ally
 71277 | Zot:2    | Got a twisted halberd
 71278 | Zot:2    | Identified the +10 halberd of Peirrusk {vamp, Str+3 Dex+5} (You found it on level 2 of the Realm of Zot)
 71510 | Zot:2    | Reached XP level 26. HP: 232/260 MP: 27/27
 71614 | Zot:2    | Noticed an orb of fire
 71624 | Zot:2    | Your ally Bogfrid died
 71625 | Zot:2    | Gained mutation: You have difficulty communicating with the divine. [an orb of fire]
 71628 | Zot:2    | Killed an orb of fire
 71628 | Zot:2    | Reached skill level 26 in Fighting
 72074 | Zot:2    | Got a brightly glowing broad axe
 72075 | Zot:2    | Identified the +1 broad axe "Psobam" {chop, rElec rPois MP-9 Str+5 SInv} (You found it on level 2 of the Realm of Zot)
 72481 | Depths:5 | Got a shimmering hand axe
 72482 | Depths:5 | Identified the +6 hand axe of the Grave {pain, +Rage rC+ Dex+4} (You found it on level 5 of the Depths)
 72814 | Crypt:1  | Entered Level 1 of the Crypt
 72841 | Crypt:1  | Gained Bogdar as an ally
 72842 | Crypt:1  | Your ally Bogdar died
 72856 | Crypt:1  | Gained Bogward as an ally
 72856 | Crypt:1  | Your ally Bogward died
 73056 | Crypt:1  | Gained Brandogh as an ally
 73090 | Crypt:1  | Your ally Brandogh died
 73846 | Zot:3    | Noticed an orb of fire
 73856 | Zot:3    | Killed an orb of fire
 73870 | Zot:3    | Noticed an ancient lich
 73879 | Zot:3    | Your ally Morun died
 74139 | Zot:3    | Killed an ancient lich
 74190 | Zot:3    | Your ally Orkwin died
 74191 | Zot:3    | Your ally Argrim died
 74619 | Zot:3    | Reached skill level 27 in Fighting
 75733 | Zot:4    | Noticed an orb of fire
 75746 | Zot:4    | Your ally Marbork died
 75747 | Zot:4    | Killed an orb of fire
 75747 | Zot:4    | Reached XP level 27. HP: 197/269 MP: 28/28
 76540 | Zot:5    | Entered Level 5 of the Realm of Zot
 76766 | Depths:4 | Voluntarily entered the Abyss.
 76834 | Abyss:1  | Gained Arkwar as an ally
 77004 | Abyss:1  | Found a corrupted altar of Lugonu.
 77018 | Abyss:1  | Found a corrupted altar of Lugonu.
 77093 | Abyss:1  | Your ally Arkwar died
 77109 | Abyss:1  | Gained Korbok as an ally
 77305 | Abyss:2  | Gained Dorog as an ally
 77335 | Abyss:2  | Gained Arkwar as an ally
 77681 | Abyss:3  | Got an abyssal rune of Zot
 77698 | Abyss:3  | Found a corrupted altar of Lugonu.
 77727 | Depths:4 | Escaped the Abyss
 78125 | Crypt:1  | Your ally Brunolf died
 78601 | Crypt:1  | Noticed Aizul
 78608 | Crypt:1  | Killed Aizul
 78612 | Crypt:1  | Killed the ghostly Aizul
 78612 | Crypt:1  | Gained Wulfoc as an ally
 78977 | Crypt:2  | Reached skill level 27 in Armour
 79096 | Crypt:2  | Noticed Mennas
 79107 | Crypt:2  | Killed Mennas
 79280 | Crypt:2  | Your ally Wulfoc died
 79601 | Crypt:3  | Entered Level 3 of the Crypt
 80675 | Crypt:3  | Found an ancient bone altar of Kikubaaqudgha.
 80676 | Crypt:3  | Noticed an ancient lich
 80699 | Crypt:3  | Killed an ancient lich
 80703 | Crypt:3  | Noticed an ancient lich
 80711 | Crypt:3  | Killed an ancient lich
 80741 | Crypt:3  | Noticed an ancient lich
 80749 | Crypt:3  | Killed an ancient lich
 80933 | Crypt:3  | Found a staircase to the Tomb.
 81192 | Crypt:3  | Got a scorched jade ring
 81226 | Crypt:3  | Identified the ring "Pnylad" {+/*Tele +Blink rF+ MP+9} (You found it on level 3 of the Crypt)
 82926 | Depths:4 | Found a runed door.
 83089 | Depths:4 | Paralysed by a hornet for 2 turns
 83125 | Depths:4 | Reached skill level 10 in Dodging
 83165 | Depths:4 | Got a glittering silver ring
 83167 | Depths:4 | Identified the ring "Hubaa" {rElec Stlth+} (You found it on level 4 of the Depths)
 83725 | Zot:5    | Reached skill level 1 in Evocations
 83989 | Zot:5    | Got a pair of scorched gloves
 84000 | Zot:5    | Identified the +2 pair of gloves of the Blessed Realm {rF++ Int+6 Dex-3} (You acquired it on level 5 of the Realm of Zot)
 84196 | Zot:5    | Noticed an ancient lich
 84201 | Zot:5    | Killed an ancient lich
 84384 | Zot:5    | Noticed an orb of fire
 84385 | Zot:5    | Gained mutation: You occasionally shout uncontrollably at your foes. [an orb of fire]
 84396 | Zot:5    | Killed an orb of fire
 84396 | Zot:5    | Reached skill level 5 in Evocations
 84611 | Zot:5    | Noticed an ancient lich
 84636 | Zot:5    | Killed an ancient lich
 84753 | Zot:5    | Noticed an orb of fire
 84755 | Zot:5    | Gained mutation: Your body is slowly deteriorating. [an orb of fire]
 84764 | Zot:5    | Your ally Gorbash died
 84765 | Zot:5    | Your ally Morun died
 84765 | Zot:5    | Your ally Jorge died
 84773 | Zot:5    | Gained mutation: You are clumsy. (Dex -2) [an orb of fire]
 84774 | Zot:5    | Gained mutation: You are dopey. (Int -2) [an orb of fire]
 84774 | Zot:5    | Gained mutation: Your muscles are strong. (Str +2) [an orb of fire]
 84775 | Zot:5    | Killed an orb of fire
 84983 | Zot:5    | Got the Orb of Zot
 85030 | Zot:5    | Noticed an ancient lich
 85047 | Zot:5    | Killed an ancient lich
 85290 | Depths:5 | Your ally Judas died
 85784 | D:6      | Gained Bogric as an ally
 85958 | D:$      | Escaped with the Orb!

Action                   |  1- 3 |  4- 6 |  7- 9 | 10-12 | 13-15 | 16-18 | 19-21 | 22-24 | 25-27 || total
-------------------------+-------+-------+-------+-------+-------+-------+-------+-------+-------++-------
Melee: Flail             |   159 |   302 |   764 |   357 |       |       |       |   112 |   120 ||  1814
       Mace              |       |       |       |   688 |  1430 |  2147 |  1644 |       |       ||  5909
       Broad axe         |       |       |       |       |       |       |   174 |  1016 |  1800 ||  2990
       Shillelagh        |       |       |       |       |       |       |   112 |       |       ||   112
       Falchion          |       |       |       |       |       |       |    80 |       |       ||    80
       War axe           |       |       |       |       |       |       |       |    14 |       ||    14
Invok: Convert to Beogh  |       |       |     1 |       |       |       |       |       |       ||     1
       Recall Orcish Fol |       |       |       |     4 |     8 |    12 |    19 |     2 |    17 ||    62
       Give Item to Name |       |       |       |     2 |     4 |     3 |     5 |     2 |     7 ||    23
       Stop Recall       |       |       |       |       |     8 |    10 |     3 |     2 |    11 ||    34
       Smiting           |       |       |       |       |       |     3 |       |       |     2 ||     5
 Abil: Evoke Flight      |       |       |       |       |       |       |       |     1 |     3 ||     4
Evoke: Wand              |       |       |     8 |     3 |       |     5 |     5 |     2 |    15 ||    38
       Deck              |       |       |       |       |     7 |    18 |    17 |       |     1 ||    43
  Use: Scroll            |       |       |    16 |    16 |     8 |     9 |    25 |    11 |    33 ||   118
       Potion            |       |       |     1 |     2 |     6 |    15 |    12 |     1 |     8 ||    45
 Stab: Confused          |       |       |     1 |       |       |       |       |       |       ||     1
       Distracted        |       |       |       |     6 |    19 |    22 |    22 |    19 |     8 ||    96
       Petrifying        |       |       |       |       |     1 |       |       |       |       ||     1
       Paralysed         |       |       |       |       |       |     5 |       |       |       ||     5
  Eat: Chunk             |     2 |     6 |    16 |    23 |    37 |    22 |    14 |    15 |    14 ||   149
       Royal jelly       |       |       |     1 |     2 |     1 |     6 |       |       |     1 ||    11
       Fruit             |       |       |       |     4 |     9 |     6 |       |     7 |     2 ||    28
       Pizza             |       |       |       |     4 |     1 |     1 |     2 |     1 |     1 ||    10
       Meat ration       |       |       |       |       |       |     4 |     5 |       |     8 ||    17
       Beef jerky        |       |       |       |       |       |     1 |     6 |       |     3 ||    10
       Bread ration      |       |       |       |       |       |       |     1 |       |     1 ||     2
